 Dungeon Crawl Stone Soup version 0.23.2-1-ga50397a6bc (webtiles) character file.

Game seed: 16781532605269179006

7126 hanzu the Cleaver (level 10, -8/94 HPs)
             Began as a Minotaur Hunter on May 19, 2019.
             Was a High Priest of Lugonu.
             Mangled by a black mamba (12 damage)
             ... on level 1 of the Lair of Beasts.
             The game lasted 00:53:46 (6266 turns).

hanzu the Cleaver (Minotaur Hunter)                 Turns: 6266, Time: 00:53:47

Health: -8/94      AC:  6    Str: 18    XL:     10   Next: 85%
Magic:  9/9        EV: 12    Int: 13    God:    Lugonu [*****.]
Gold:   528        SH:  0    Dex: 13    Spells: 9/9 levels left

rFire    . . .     SeeInvis .   i - +5 flail (freeze)
rCold    + + .     Gourm    .   (no shield)
rNeg     + . .     Faith    .   N - +1 leather armour {rN+}
rPois    .         Spirit   .   (helmet restricted)
rElec    .         Reflect  .   (no cloak)
rCorr    .         Harm     .   y - +0 pair of gloves
MR       .....                  E - +0 pair of boots
Stlth    +.........             P - amulet of the acrobat
HPRegen  0.25/turn              k - ring of protection from cold
MPRegen  0.11/turn              I - ring of protection from cold

@: brilliant, lethally poisoned (-8 -> -43)
A: retaliatory headbutt, horns 2
a: Depart the Abyss, Bend Space, Banish, Corrupt, Enter the Abyss, Renounce
Religion


You were on level 1 of the Lair of Beasts.
You worshipped Lugonu.
Lugonu was extremely pleased with you.
You were not hungry.

You visited 2 branches of the dungeon, and saw 10 of its levels.

You collected 528 gold pieces.

Inventory:

Hand Weapons
 a - a +1 shortbow
 b - a +0 short sword
 i - a +5 flail of freezing (weapon)
 u - a +1 war axe of electrocution
 v - a +1 falchion of freezing
 B - a +5 hand axe
 C - a +3 dagger
 D - a +1 flail of holy wrath
 J - a +3 whip of electrocution
 K - a +2 whip of flaming
Missiles
 d - 108 arrows
 m - 6 tomahawks (quivered)
 o - 8 javelins
 w - 71 poisoned needles
 x - 38 bolts
 F - 3 exploding tomahawks
Armour
 c - a +2 leather armour
 l - a +0 chain mail
 y - a +0 pair of gloves (worn)
 E - a +0 pair of boots (worn)
 L - a +2 robe of resistance
 N - a +1 leather armour of positive energy (worn)
 O - the cursed +0 robe "Xeinn" {Dex+3, unknown}
   (You found it on level 7 of the Dungeon)

   It affects your dexterity (+3).
   It has a curse placed upon it.
Magical Staves
 p - an uncursed staff of air
 G - an uncursed staff of air
Jewellery
 k - a ring of protection from cold (left hand)
 I - a ring of protection from cold (right hand)
 P - an amulet of the acrobat (around neck)
Wands
 S - a wand of iceblast (6)
Scrolls
 e - 9 scrolls of teleportation
 h - 5 scrolls of remove curse
 j - 3 scrolls of fear
 t - a scroll of random uselessness
 H - a scroll of enchant weapon {unknown}
 M - 2 scrolls of amnesia
 Q - a scroll of fog
 R - 3 scrolls of identify
 T - a scroll of blinking {unknown}
 U - a scroll of enchant armour
Potions
 g - a potion of ambrosia
 n - 2 potions of haste {unknown}
 q - 2 potions of lignification {unknown}
 r - 2 potions of curing {unknown}
 s - a potion of agility {unknown}
 z - 2 potions of degeneration {unknown}
 A - 2 potions of brilliance
Comestibles
 f - 13 rations


   Skills:
 * Level 10.7 Fighting
 - Level 0.3 Short Blades
 * Level 12.0 Axes
 + Level 2.2(8.1) Maces & Flails
 * Level 10.5 Bows
 + Level 4.0 Armour
 - Level 2.7 Dodging
 - Level 1.0 Stealth


You had 9 spell levels left.
You didn't know any spells.
Your spell library contained the following spells:

 Spells                   Type           Power        Failure   Level  Hunger
 Flame Tongue             Conj/Fire      #....        4%          1    ##.....
 Throw Flame              Conj/Fire      #.....       7%          2    ###....
 Conjure Flame            Conj/Fire      #.......     12%         3    ####...
 Inner Flame              Hex/Fire       #.......     12%         3    ####...
 Sticky Flame             Conj/Fire      #.......     34%         4    #####..
 Fireball                 Conj/Fire      #.........   63%         5    ######.


Dungeon Overview and Level Annotations

Branches:
Dungeon (9/15)               Lair (1/6) D:9
 Temple: D:4-7          Orc: D:9-12

Altars:
Fedhas
Gozag
Makhleb
Ru
Uskayaw
Lugonu


Innate Abilities, Weirdness & Mutations

You reflexively headbutt those who attack you in melee.
You have a pair of horns on your head.


Message History

You feel sick. The black mamba bites you.
You are more poisoned.
The black mamba poisons you! The black mamba bites you.
You are lethally poisoned!
The black mamba poisons you! The black mamba bites you!
* * * LOW HITPOINT WARNING * * *
* * * LOW HITPOINT WARNING * * *
You feel very sick. The black mamba bites you!
* * * LOW HITPOINT WARNING * * *
The black mamba completely misses you.
* * * LOW HITPOINT WARNING * * *
You feel very sick. The black mamba completely misses you.
It was a potion of brilliance.
You feel clever all of a sudden.
* * * LOW HITPOINT WARNING * * *
You feel very sick. The black mamba bites you!
You die...

..... ..... ......
......
>.....#########
......t.......##
........)......###
........S@....##.####
######..S............
#....#P.......^.
##...##...#####
#....##...##
......##....#
S...........##
.....######..# H$..#
##.#


You could see 2 black mambas and a crocodile.

Vanquished Creatures
  A two-headed ogre (D:8)
  Pikel (D:7)
  A hornet (D:8)
  A hippogriff (D:7)
  Sigmund (D:5)
  A wraith (D:6)
  2 basilisks (D:9)
  Menkaure (D:7)
  2 water moccasins (Lair:1)
  Duvessa (D:6)
  2 porcupines (D:9)
  An orc warrior (D:9)
  4 sky beasts
  2 black bears (D:9)
  3 ice beasts
  4 slaves (D:7)
  3 ogres
  2 necrophages (D:9)
  2 wolves
  3 crocodiles (D:9)
  A big kobold (D:9)
  Dowan (D:6)
  8 bullfrogs
  A water moccasin zombie (D:5)
  2 scorpions
  A wyvern skeleton (D:9)
  5 howler monkeys
  11 wights
  3 crimson imps
  A centaur zombie (D:7)
  4 hounds
  2 orc priests (D:9)
  A jelly (D:6)
  7 orc wizards
  3 bullfrog skeletons
  3 iguanas
  9 worker ants
  2 hound zombies
  A howler monkey zombie (D:9)
  4 worker ant zombies
  11 adders
  4 gnolls (D:8)
  A shadow imp (D:8)
  2 adder skeletons
  2 dart slugs
  5 leopard geckos
  30 orcs
  4 bats
  4 giant cockroaches
  14 jackals
  7 quokkas
  2 ball pythons
  7 frilled lizards
  10 goblins
  A jackal zombie (D:6)
  12 kobolds
  2 leopard gecko skeletons (D:5)
  A leopard gecko zombie (D:8)
  4 rats
  2 fungi (D:5)
  A plant (D:9)
234 creatures vanquished.

Notes
Turn   | Place    | Note
-------+----------+-------------------------------------------
     0 | D:1      | hanzu the Minotaur Hunter began the quest for the Orb.
     0 | D:1      | Reached XP level 1. HP: 18/18 MP: 0/0
   347 | D:1      | Reached skill level 1 in Stealth
   494 | D:1      | You fall through a shaft!
   505 | D:2      | Reached XP level 2. HP: 25/25 MP: 1/1
   562 | D:2      | Reached skill level 5 in Bows
   696 | D:2      | Reached XP level 3. HP: 30/30 MP: 2/2
   961 | D:3      | Reached XP level 4. HP: 26/38 MP: 3/3
   994 | D:3      | Found a hide-covered altar of Uskayaw.
  1190 | D:3      | Found a faded altar of an unknown god.
  1206 | D:3      | Became a worshipper of Lugonu the Unformed
  1206 | D:3      | Reached * piety under Lugonu
  1206 | D:3      | Reached ** piety under Lugonu
  1626 | D:4      | Reached XP level 5. HP: 19/46 MP: 4/4
  1627 | D:4      | Reached skill level 1 in Armour
  1783 | D:4      | Reached skill level 1 in Axes
  2058 | D:5      | Entered Level 5 of the Dungeon
  2062 | D:5      | Noticed an ogre
  2074 | D:5      | Killed an ogre
  2074 | D:5      | Reached skill level 2 in Axes
  2074 | D:5      | Reached XP level 6. HP: 37/53 MP: 5/5
  2081 | D:5      | Reached *** piety under Lugonu
  2229 | D:5      | Noticed an ice beast
  2230 | D:5      | Found a blossoming altar of Fedhas.
  2241 | D:5      | Killed an ice beast
  2241 | D:5      | Reached skill level 3 in Axes
  2254 | D:5      | Reached skill level 5 in Fighting
  2276 | D:5      | Reached skill level 4 in Axes
  2276 | D:5      | Reached XP level 7. HP: 43/61 MP: 6/6
  2388 | D:5      | Reached skill level 5 in Axes
  2675 | D:5      | Reached XP level 8. HP: 68/71 MP: 7/7
  2732 | D:5      | Noticed Sigmund
  2759 | D:5      | Killed Sigmund
  2759 | D:5      | Reached **** piety under Lugonu
  2938 | D:6      | Noticed Duvessa
  2940 | D:6      | Reached skill level 6 in Axes
  2952 | D:6      | Noticed Dowan
  2955 | D:6      | Killed Duvessa
  3194 | D:6      | Killed Dowan
  3231 | D:6      | Reached skill level 7 in Axes
  3338 | D:6      | Reached XP level 9. HP: 77/80 MP: 8/8
  3341 | D:6      | Reached skill level 8 in Axes
  3595 | D:7      | Noticed Menkaure
  3602 | D:7      | Killed Menkaure
  3602 | D:7      | Reached skill level 9 in Axes
  3602 | D:7      | Reached skill level 1 in Maces & Flails
  4100 | D:7      | Noticed Pikel
  4124 | D:7      | Killed Pikel
  4124 | D:7      | Reached skill level 10 in Axes
  4143 | D:7      | Found an opulent altar of Gozag.
  4289 | D:7      | Got a creamy pearl robe
  4598 | D:8      | Noticed a two-headed ogre
  4616 | D:8      | Killed a two-headed ogre
  4616 | D:8      | Reached skill level 11 in Axes
  4616 | D:8      | Reached XP level 10. HP: 35/91 MP: 9/9
  4629 | D:8      | Reached ***** piety under Lugonu
  5323 | D:9      | Found a burning altar of Makhleb.
  5323 | D:9      | Found a sacrificial altar of Ru.
  5434 | D:9      | Found a staircase to the Lair.
  5480 | D:9      | Reached skill level 10 in Fighting
  5514 | D:9      | Reached skill level 10 in Bows
  6125 | Lair:1   | Entered Level 1 of the Lair of Beasts
  6161 | Lair:1   | Reached skill level 12 in Axes
  6256 | Lair:1   | Noticed a black mamba
  6258 | Lair:1   | Noticed a black mamba
  6266 | Lair:1   | HP: 4/94 [poisoned by a black mamba]
  6266 | Lair:1   | Mangled by a black mamba

Skill      XL: |  1  2  3  4  5  6  7  8  9 10 |
---------------+-------------------------------+-----
Stealth        | 1 |  1.0
Bows           | 5 6 7 8 9 10 | 10.5
Fighting       | 3 4 5 6 7 9 10 | 10.7
Armour         | 1 2 3 4 |  4.0
Axes           | 2 4 5 7 11 12 | 12.0
Maces & Flails | 1 2 |  2.2
Short Blades   | |  0.3
Dodging        | |  2.7

Action                   |  1- 3 |  4- 6 |  7- 9 | 10-12 || total
-------------------------+-------+-------+-------+-------++-------
Melee: Short sword       |    29 |       |       |       ||    29
       Headbutt          |     2 |     6 |    22 |    32 ||    62
       War axe           |       |    42 |   150 |    93 ||   285
       Flail             |       |       |    15 |    53 ||    68
 Fire: Shortbow          |    42 |    78 |    93 |    89 ||   302
Throw: Tomahawk          |       |     1 |       |       ||     1
  Use: Scroll            |       |     4 |     8 |     1 ||    13
       Potion            |       |     1 |     1 |     3 ||     5
 Stab: Sleeping          |     1 |     1 |       |       ||     2
  Eat: Ration            |       |     1 |     3 |     1 ||     5
Armor: Leather armour    |    15 |    15 |    54 |    35 ||   119
Dodge: Dodged            |    34 |    50 |   119 |   109 ||   312
